 Dungeon Crawl Stone Soup version 0.26-a0-660-gc07710193c (webtiles) character file.

Game seed: 6400003416137379415

139825 robertstho the Thaumaturge (level 16, -8/125 HPs)
             Began as a Gnoll Ice Elementalist on Oct 5, 2020.
             Was an Elder of Sif Muna.
             Mangled by a tarantella (13 damage)
             ... while paralysed
             ... on level 2 of the Spider Nest on Oct 6, 2020.
             The game lasted 02:15:30 (40726 turns).

robertstho the Thaumaturge (GnIE)                  Turns: 40726, Time: 02:15:31

Health: -8/125     AC: 14    Str:  9 (11) XL:     16   Next: 99%
Magic:  1/32       EV:  2    Int: 30      God:    Sif Muna [****..]
Gold:   2359       SH:  0    Dex: 20      Spells: 1/39 levels left

rFire    . . .     SeeInvis .   c - +4 flail of Ruination {flame, *Drain rPois rC+ MR++}
rCold    + + .     Faith    .   (no shield)
rNeg     . . .     Spirit   .   Y - +0 troll leather armour
rPois    +         Reflect  +   H - +2 helmet
rElec    .         Harm     .   I - +0 cloak
rCorr    .         Rampage  .   p - +0 pair of gloves
MR       +++..                  U - +0 pair of boots
Stlth    +++++.....             T - amulet of reflection
HPRegen  0.70/turn              R - +6 ring of intelligence
MPRegen  0.23/turn              z - ring "Ypel" {Wiz rPois rC+ Slay+3}

@: paralysed, lethally poisoned (-8 -> -31), berserk cooldown, slowed
A: distributed training, fangs 1, agile 2, subdued magic 1, strong nose
}: 1/15 runes: decaying
a: Channel Magic, Forget Spell, Divine Exegesis, Renounce Religion


You were on level 2 of the Spider Nest.
You worshipped Sif Muna.
Sif Muna was greatly pleased with you.
You visited 6 branches of the dungeon, and saw 30 of its levels.

You collected 3284 gold pieces.
You spent 925 gold pieces at shops.

Inventory:

Hand Weapons
 c - the +4 flail of Ruination (weapon) {flame, *Drain rPois rC+ MR++}
   (You found it on level 1 of the Spider Nest)

   It has been specially enchanted to burn those struck by it, causing extra
   injury to most foes and up to half again as much damage against particularly
   susceptible opponents.
   It protects you from cold.
   It protects you from poison.
   It affects your resistance to hostile enchantments.
   It causes draining when unequipped.
 D - a +4 scimitar of flaming
 K - the +6 mace of Inucecwe {vorpal, rPois}
   (You found it on level 7 of the Dungeon)

   It inflicts extra damage upon your enemies.
   It protects you from poison.
 X - the +5 dagger "Qiurian" {holy, rPois Int+6}
   (You found it on level 6 of the Lair of Beasts)

   It has been blessed by the Shining One to cause great damage to the undead
   and demons.
   It affects your intelligence (+6).
   It protects you from poison.
Missiles
 n - 64 poisoned darts (quivered)
Armour
 p - a +0 pair of gloves (worn)
 w - a +1 robe of cold resistance
 H - a +2 helmet (worn)
 I - a +0 cloak (worn)
 U - a +0 pair of boots (worn)
 Y - a +0 troll leather armour (worn)
Jewellery
 d - an uncursed ring of positive energy
 e - an uncursed amulet of regeneration
 f - an uncursed ring of protection from fire
 z - the ring "Ypel" (right hand) {Wiz rPois rC+ Slay+3}
   (You acquired it on level 3 of the Lair of Beasts)

   [ring of wizardry]

   It improves your spell success rate.
   It affects your accuracy and damage with ranged weapons and melee attacks
   (+3).
   It protects you from cold.
   It protects you from poison.
 F - an uncursed ring of protection from fire
 Q - an uncursed ring of ice
 R - a +6 ring of intelligence (left hand)
 S - an uncursed ring of ice
 T - an amulet of reflection (around neck)
 W - an uncursed ring of protection from magic
Wands
 b - a wand of digging (5)
 l - a wand of enslavement (7)
 s - a wand of iceblast (9)
 u - a wand of paralysis (11)
 y - a wand of disintegration (25)
 E - a wand of acid (11)
Scrolls
 g - 9 scrolls of enchant armour
 h - a scroll of fear
 i - 20 scrolls of remove curse
 j - 4 scrolls of enchant weapon
 r - 9 scrolls of identify
 t - 9 scrolls of teleportation
 v - 7 scrolls of magic mapping
 B - 2 scrolls of blinking
 G - a scroll of holy word
 J - 2 scrolls of immolation
 L - a scroll of silence
 M - 2 scrolls of fog
 N - 2 scrolls of summoning
Potions
 a - 7 potions of flight
 k - 2 potions of haste
 m - 10 potions of curing
 o - 4 potions of mutation
 q - 4 potions of ambrosia
 x - 5 potions of cancellation
 C - 2 potions of stabbing
 O - 2 potions of berserk rage
 P - 4 potions of might
Miscellaneous
 V - a phantom mirror
 Z - a tin of tremorstones (3/3)


   Skills:
 + Level 11.2 Fighting
 + Level 11.2 Short Blades
 + Level 11.2 Long Blades
 + Level 11.2 Axes
 + Level 11.2 Maces & Flails
 + Level 11.2 Polearms
 + Level 11.2 Staves
 + Level 11.2 Slings
 + Level 11.2 Bows
 + Level 11.2 Crossbows
 + Level 11.2 Throwing
 + Level 11.2 Armour
 + Level 12.0 Dodging
 + Level 11.8 Stealth
 + Level 11.2 Shields
 + Level 11.2 Unarmed Combat
 + Level 12.1 Spellcasting
 + Level 9.5 Conjurations
 + Level 9.5 Hexes
 + Level 9.5 Summonings
 + Level 9.5 Necromancy
 + Level 9.5 Translocations
 + Level 9.5 Transmutations
 + Level 9.5 Fire Magic
 + Level 11.6 Ice Magic
 + Level 9.5 Air Magic
 + Level 9.5 Earth Magic
 + Level 9.5 Poison Magic
 + Level 12.1 Invocations
 + Level 11.2 Evocations


You had one spell level left.
You knew the following spells:

 Your Spells              Type           Power        Failure   Level
a - Freeze                Ice            ####         0%          1
b - Frozen Ramparts       Ice            ######       1%          3
c - Ozocubu's Armour      Ice            ######..     1%          3
d - Hailstorm             Conj/Ice       ######..     1%          4
e - Summon Ice Beast      Ice/Summ       ######..     1%          4
f - Ensorcelled Hibernat  Hex/Ice        ######       1%          2
g - Summon Lightning Spi  Summ/Air       ######..     1%          4
h - Summon Demon          Summ           ######....   1%          5
i - Simulacrum            Ice/Necr       ######....   2%          6
j - Freezing Cloud        Conj/Ice/Air   ######....   2%          6

Your spell library contained the following spells:

 Spells                   Type           Power        Failure   Level
 Beastly Appendage        Tmut           ######       1%          1
 Corona                   Hex            ######.      1%          1
 Foxfire                  Conj/Fire      ####         1%          1
 Magic Dart               Conj           ####         1%          1
 Shock                    Conj/Air       ####         1%          1
 Sting                    Tmut/Pois      ####         1%          1
 Blink                    Tloc           N/A          1%          2
 Call Imp                 Summ           ######..     1%          2
 Corpse Rot               Necr/Air       N/A          1%          2
 Searing Ray              Conj           ######       1%          2
 Slow                     Hex            ######..     1%          2
 Sublimation of Blood     Necr           ######....   1%          2
 Swiftness                Air            ######..     1%          2
 Call Canine Familiar     Summ           ######..     1%          3
 Confusing Touch          Hex            ######..     1%          3
 Conjure Flame            Conj/Fire      ######..     1%          3
 Dazzling Flash           Conj/Hex       ######       1%          3
 Ignite Poison            Fire/Tmut/Pois ######..     1%          3
 Inner Flame              Hex/Fire       ######..     1%          3
 Mephitic Cloud           Conj/Pois/Air  ######..     1%          3
 Portal Projectile        Hex/Tloc       ######       1%          3
 Spider Form              Tmut/Pois      ######....   1%          3
 Static Discharge         Conj/Air       ######..     1%          3
 Stone Arrow              Conj/Erth      ######       1%          3
 Tukima's Dance           Hex            ######..     1%          3
 Vampiric Draining        Necr           ######....   1%          3
 Airstrike                Air            ######....   1%          4
 Cause Fear               Hex            ######....   1%          4
 Leda's Liquefaction      Hex/Erth       ######....   1%          4
 Olgreb's Toxic Radiance  Pois           ######..     1%          4
 Petrify                  Tmut/Erth      ######..     1%          4
 Alistair's Intoxication  Tmut/Pois      ######...    1%          5
 Borgnjor's Vile Clutch   Necr/Erth      ######....   1%          5
 Irradiate                Conj/Tmut      ######....   1%          5
 Lightning Bolt           Conj/Air       ######....   1%          5
 Summon Forest            Summ/Tloc      ######....   1%          5
 Yara's Violent Unravell  Hex/Tmut       ######....   1%          5
 Eringya's Noxious Bog    Tmut/Pois      ######....   3%          6
 Hydra Form               Tmut           ######....   3%          6
 Starburst                Conj/Fire      ######....   3%          6
 Statue Form              Tmut/Erth      ######...    3%          6
 Dragon Form              Tmut           ######....   21%         7
 Orb of Destruction       Conj           ######....   21%         7
 Summon Greater Demon     Summ           ######....   21%         7
 Summon Hydra             Summ           ######....   21%         7
 Dragon's Call            Summ           ######....   100%        9


Dungeon Overview and Level Annotations

Branches:
Dungeon (14/15)            Temple (1/1) D:7            Lair (6/6) D:10
  Swamp (4/4) Lair:3       Spider (3/4) Lair:4        Slime (0/5) Lair:5
    Orc (2/2) D:12            Elf (0/3) Orc:2        Vaults (0/5) D:13

Altars:
Ashenzari
Cheibriados
Dithmenos
Elyvilon
Fedhas
Gozag
Hepliaklqana
Kikubaaqudgha
Makhleb
Nemelex Xobeh
Okawaru
Qazlal
Ru
Sif Muna
Trog
Uskayaw
Vehumet
Wu Jian
Xom
Yredelemnul
Zin
The Shining One
Beogh

Shops:
D:7 (   D:11 =   D:12 ?   D:13 :   Orc:2 ![:*

Annotations:
Lair:4 2 transporters, Xyudeake's ghost, journeyman DEFE
Lair:5 exclusion: 2 oklob plants
Spider:1 3 runed translucent doors, iishen's ghost, adept CeHu
Orc:1 2 transporters


Innate Abilities, Weirdness & Mutations

Your experience applies equally to all skills.
You have very sharp teeth.
Your uncanny sense of smell can sniff out nearby items.
You are very agile. (Dex +4)
Your spells are a little easier to cast, but a little less powerful.


Message History

The demonic crawler hits you but does no damage.
The demonic crawler misses you.
Your sun demon barely misses the redback.
* * * LOW HITPOINT WARNING * * *
You feel very sick.
Your ice beast closely misses the demonic crawler.
You feel a strong urge to attack something.
* * * LOW HITPOINT WARNING * * *
You feel very sick.
* * * LOW HITPOINT WARNING * * *
You feel very sick.
You feel your anger nearly subside.
You are no longer berserk.
You pass out from exhaustion.
You feel yourself slow down.
* * * LOW HITPOINT WARNING * * *
You feel sick.
* * * LOW HITPOINT WARNING * * *
You feel very sick. The tarantella bites you!
You die...

#..........^....#....#..#..#^..
##..............##.#.#.#.#.#.#.
#..................^.#..#..#^3.
#.....................#...#...^
##..............#^...#.###^#...
#.............[.##.##.....^.##.
#......".........####.^.#...###
#..>..............##^........##
###[..........@s...##^..#...##.
##...........ss.....########..
#...............Y.........^...
#...............Y.............
#....^............3...........
##............................
###..................†..........
#.(..†..............^...........
#...†.....................^.....


You could see a demonic crawler, a tarantella, a redback, a friendly sun demon
(summoned) and 2 friendly ice beasts.

Vanquished Creatures
  A thorn hunter (Swamp:3)
  A ghost moth (Spider:2)
  5 hydras
  A boulder beetle (Lair:6)
  2 centaur warriors (D:13)
  3 two-headed ogres
  An orc high priest (Orc:2)
  3 alligators (Swamp:4)
  16 death yaks
  Nergalle (D:11)
  A spriggan (Swamp:1)
  2 spriggan berserkers
  A skeletal warrior (D:13)
  A swamp dragon (Swamp:3)
  An orc knight (Orc:1)
  6 wolf spiders
  2 deep elf magi (D:13)
  An orc sorcerer (Orc:2)
  A cyclops (Orc:1)
  3 manticores
  14 elephants
  An ugly thing (D:13)
  2 black mambas
  A centaur zombie (D:12)
  Joseph (D:9)
  2 torpor snails
  Maggie (Lair:2)
  12 cane toads
  A rime drake (Lair:2)
  A demonic crawler (Spider:2)
  An efreet (D:13)
  A yaktaur (D:13)
  6 komodo dragons
  2 trolls
  4 jumping spiders
  2 polar bears (Lair:6)
  A slime creature (Swamp:2)
  2 tyrant leeches
  2 hornets
  A bog body (Swamp:4)
  6 blink frogs
  2 dream sheep (Lair:6)
  A wraith (D:10)
  2 shadows
  A vampire (D:13)
  A tarantella (Spider:2)
  6 wyverns
  8 redbacks
  2 basilisks
  29 yaks
  2 humans (D:9)
  4 swamp worms
  3 wargs (Orc:2)
  3 insubstantial wisps
  2 soldier ants
  19 water moccasins
  9 orc warriors
  3 sky beasts
  A phantom (D:4)
  8 ogres
  9 wolves
  5 centaurs
  A big kobold (D:9)
  10 bullfrogs
  A wyvern zombie (D:12)
  A wyvern skeleton (D:7)
  5 scorpions
  A water moccasin skeleton (D:5)
  8 wights
  2 howler monkeys
  A bullfrog zombie (D:6)
  A quasit (D:10)
  Crazy Yiuf (D:7)
  10 jellies
  16 orc priests
  4 bullfrog skeletons
  12 hounds
  A centaur skeleton (D:8)
  3 iguanas
  19 orc wizards
  7 worker ants
  A killer bee zombie (D:9)
  A howler monkey zombie (D:5)
  7 gnolls (D:4)
  A howler monkey skeleton (D:4)
  8 adders
  A shadow imp (D:7)
  2 white imps
  4 ufetubi
  9 oozes
  An adder zombie (D:4)
  2 adder skeletons
  3 dart slugs
  3 leopard geckos
  73 orcs
  5 bats
  6 giant cockroaches
  4 goblins
  5 hobgoblins
  5 jackals
  3 quokkas
  3 ball pythons
  6 frilled lizards
  2 jackal skeletons
  11 kobolds
  9 rats
516 creatures vanquished.

Vanquished Creatures (collateral kills)
  Saint Roka (Orc:2)
  2 thorn hunters
  Donald (Swamp:2)
  2 emperor scorpions (Spider:2)
  Aizul (Swamp:2)
  2 entropy weavers (Spider:2)
  Nessos (D:13)
  19 slime creatures
  Erolcha (D:9)
  A shambling mangrove (Swamp:3)
  22 hydras
  2 boulder beetles
  An ogre mage (D:13)
  3 catoblepae (Lair:6)
  A death knight (D:13)
  A centaur warrior (D:13)
  3 two-headed ogres
  4 ghost crabs
  8 alligators
  9 death yaks
  Urug (Orc:2)
  7 orc high priests (Orc:2)
  A deep elf knight (Swamp:2)
  A spriggan berserker (Swamp:4)
  A skeletal warrior (D:13)
  6 swamp dragons (Swamp:4)
  3 spriggan druids
  A deep elf archer (D:13)
  3 deep elf magi (D:13)
  A phantasmal warrior (D:13)
  14 wolf spiders
  5 orb spiders
  12 ugly things (Swamp:3)
  A manticore (D:13)
  6 elephants
  2 black mambas
  A centaur zombie (D:13)
  8 cane toads
  3 centaur skeletons (D:13)
  6 demonic crawlers (Spider:2)
  A rime drake (Lair:3)
  3 komodo dragons
  A yaktaur (D:13)
  10 jumping spiders
  A troll (D:12)
  A merfolk (Swamp:1)
  11 hornets
  A polar bear (Lair:6)
  A meliai (shapeshifter) (D:13)
  7 tyrant leeches
  2 dream sheep (Lair:6)
  9 blink frogs
  27 redbacks
  12 bog bodies
  15 tarantellas
  5 spriggans
  4 shadows
  19 yaks
  A wraith (D:13)
  5 basilisks
  3 wyverns
  2 vampire mosquitoes (Swamp:1)
  11 wargs (Orc:2)
  9 insubstantial wisps
  12 swamp worms
  A soldier ant (D:11)
  3 water moccasins
  18 orc warriors
  10 swamp drakes
  A black bear (D:8)
  9 ogres
  4 bullfrogs
  5 wights (D:12)
  A bullfrog zombie (D:7)
  A bullfrog skeleton (D:13)
  2 jellies (Lair:1)
  A hound (D:11)
  24 orc priests
  7 orc wizards
  An iguana (D:10)
  An adder (D:12)
  A white imp (Spider:2)
  An ooze (Lair:1)
  36 orcs
468 creatures vanquished.

Vanquished Creatures (others)
  Nikola (Spider:2)
  An alligator (Swamp:4)
  A demonic crawler (Spider:2)
  A tarantella (Spider:2)
  A redback (Spider:2)
  69 fungi
  50 plants
124 creatures vanquished.

Grand Total: 1108 creatures vanquished

Notes
Turn   | Place    | Note
-------+----------+-------------------------------------------
     0 | D:1      | robertstho the Gnoll Ice Elementalist began the quest for
                  | the Orb.
     0 | D:1      | Reached XP level 1. HP: 13/13 MP: 6/6
   299 | D:1      | Reached XP level 2. HP: 19/19 MP: 5/7
   994 | D:1      | Reached skill level 5 in Spellcasting
   994 | D:1      | Reached XP level 3. HP: 23/25 MP: 7/9
  1181 | D:2      | Found a faded altar of an unknown god.
  1394 | D:2      | Reached skill level 1 in Fighting
  1394 | D:2      | Reached skill level 1 in Short Blades
  1394 | D:2      | Reached skill level 1 in Long Blades
  1394 | D:2      | Reached skill level 1 in Axes
  1394 | D:2      | Reached skill level 1 in Maces & Flails
  1394 | D:2      | Reached skill level 1 in Polearms
  1394 | D:2      | Reached skill level 1 in Staves
  1394 | D:2      | Reached skill level 1 in Slings
  1394 | D:2      | Reached skill level 1 in Bows
  1394 | D:2      | Reached skill level 1 in Crossbows
  1394 | D:2      | Reached skill level 1 in Throwing
  1394 | D:2      | Reached skill level 1 in Armour
  1394 | D:2      | Reached skill level 1 in Shields
  1394 | D:2      | Reached skill level 1 in Unarmed Combat
  1394 | D:2      | Reached skill level 1 in Invocations
  1394 | D:2      | Reached skill level 1 in Evocations
  1394 | D:2      | Reached XP level 4. HP: 11/32 MP: 8/11
  2167 | D:3      | Found a glowing golden altar of the Shining One.
  2170 | D:3      | Found a white marble altar of Elyvilon.
  2173 | D:3      | Found an ornate altar of the Wu Jian Council.
  2213 | D:3      | Found a hazy altar of Hepliaklqana.
  2214 | D:3      | Found a hide-covered altar of Uskayaw.
  2214 | D:3      | Found a broken altar of Ashenzari.
  2216 | D:3      | Found a shimmering blue altar of Sif Muna.
  2216 | D:3      | Noticed a bullfrog
  2217 | D:3      | Found a basalt altar of Yredelemnul.
  2228 | D:3      | Killed a bullfrog
  2228 | D:3      | Reached skill level 1 in Conjurations
  2228 | D:3      | Reached skill level 1 in Hexes
  2228 | D:3      | Reached skill level 1 in Summonings
  2228 | D:3      | Reached skill level 1 in Necromancy
  2228 | D:3      | Reached skill level 1 in Translocations
  2228 | D:3      | Reached skill level 1 in Transmutations
  2228 | D:3      | Reached skill level 1 in Fire Magic
  2228 | D:3      | Reached skill level 1 in Air Magic
  2228 | D:3      | Reached skill level 1 in Earth Magic
  2228 | D:3      | Reached skill level 1 in Poison Magic
  2228 | D:3      | Reached XP level 5. HP: 13/37 MP: 6/12
  2231 | D:3      | Became a worshipper of Sif Muna the Loreminder
  2426 | D:3      | Learned a level 3 spell: Frozen Ramparts
  2430 | D:3      | Learned a level 3 spell: Ozocubu's Armour
  2435 | D:3      | Learned a level 4 spell: Hailstorm
  2479 | D:3      | Gained mutation: Your spells are a little easier to cast,
                  | but a little less powerful. [potion of mutation]
  2479 | D:3      | Gained mutation: You are agile. (Dex +2) [potion of
                  | mutation]
  2479 | D:3      | Gained mutation: You are very agile. (Dex +4) [potion of
                  | mutation]
  2916 | D:4      | Noticed a phantom
  3061 | D:4      | Reached XP level 6. HP: 21/44 MP: 8/13
  3113 | D:4      | Reached skill level 5 in Dodging
  3801 | D:4      | Learned a level 4 spell: Summon Ice Beast
  3826 | D:4      | Killed a phantom
  3826 | D:4      | Reached * piety under Sif Muna
  3826 | D:4      | Reached XP level 7. HP: 16/50 MP: 9/15
  4105 | D:4      | Found a burning altar of Makhleb.
  4448 | D:5      | Entered Level 5 of the Dungeon
  4930 | D:5      | Reached skill level 5 in Stealth
  5221 | D:5      | Reached XP level 8. HP: 48/57 MP: 13/16
  6227 | D:6      | Reached ** piety under Sif Muna
  6395 | D:6      | Found a sparkling altar of Nemelex Xobeh.
  6870 | D:7      | Found Diduajy's Antique Weapon Boutique.
  6961 | D:7      | Reached XP level 9. HP: 65/65 MP: 15/18
  7239 | D:7      | Found a radiant altar of Vehumet.
  7563 | D:7      | Found a staircase to the Ecumenical Temple.
  7573 | Temple   | Entered the Ecumenical Temple
  8096 | D:7      | Found a runed translucent door.
  8097 | D:7      | Noticed Crazy Yiuf
  8105 | D:7      | Killed Crazy Yiuf
  8118 | D:7      | Got an ebony mace
  8118 | D:7      | Identified the +6 mace of Inucecwe {vorpal, rPois} (You
                  | found it on level 7 of the Dungeon)
  8350 | D:8      | Reached *** piety under Sif Muna
  8782 | D:8      | Noticed a two-headed ogre
  8798 | D:8      | Killed a two-headed ogre
  8798 | D:8      | Reached skill level 5 in Invocations
  9038 | D:8      | Found a sacrificial altar of Ru.
  9618 | D:9      | Reached XP level 10. HP: 73/73 MP: 16/20
  9624 | D:9      | Found an iron altar of Okawaru.
  9813 | D:9      | Noticed Joseph
  9838 | D:9      | Killed Joseph
  9838 | D:9      | Reached skill level 5 in Fighting
  9838 | D:9      | Reached skill level 5 in Short Blades
  9838 | D:9      | Reached skill level 5 in Long Blades
  9838 | D:9      | Reached skill level 5 in Axes
  9838 | D:9      | Reached skill level 5 in Maces & Flails
  9838 | D:9      | Reached skill level 5 in Polearms
  9838 | D:9      | Reached skill level 5 in Staves
  9838 | D:9      | Reached skill level 5 in Slings
  9838 | D:9      | Reached skill level 5 in Bows
  9838 | D:9      | Reached skill level 5 in Crossbows
  9838 | D:9      | Reached skill level 5 in Throwing
  9838 | D:9      | Reached skill level 5 in Armour
  9838 | D:9      | Reached skill level 5 in Shields
  9838 | D:9      | Reached skill level 5 in Unarmed Combat
  9838 | D:9      | Reached skill level 5 in Evocations
  9968 | D:9      | Noticed Erolcha
  9976 | D:9      | Killed Erolcha
 10299 | D:9      | Noticed a two-headed ogre
 10316 | D:9      | Killed a two-headed ogre
 11122 | D:10     | Entered Level 10 of the Dungeon
 11130 | D:10     | Reached **** piety under Sif Muna
 11574 | D:10     | Found a staircase to the Lair.
 11603 | D:10     | Reached XP level 11. HP: 71/81 MP: 13/22
 11638 | D:10     | Reached skill level 5 in Conjurations
 11638 | D:10     | Reached skill level 5 in Hexes
 11638 | D:10     | Reached skill level 5 in Summonings
 11638 | D:10     | Reached skill level 5 in Necromancy
 11638 | D:10     | Reached skill level 5 in Translocations
 11638 | D:10     | Reached skill level 5 in Transmutations
 11638 | D:10     | Reached skill level 5 in Fire Magic
 11638 | D:10     | Reached skill level 5 in Air Magic
 11638 | D:10     | Reached skill level 5 in Earth Magic
 11638 | D:10     | Reached skill level 5 in Poison Magic
 12358 | D:11     | Noticed a two-headed ogre
 12365 | D:11     | Killed a two-headed ogre
 12503 | D:11     | Found a shadowy altar of Dithmenos.
 12767 | D:11     | Noticed Nergalle
 12777 | D:11     | Killed Nergalle
 13280 | D:11     | Found Yrphawn's Jewellery Shop.
 13363 | D:11     | Bought an uncursed amulet of reflection for 390 gold pieces
 13734 | D:11     | Noticed a boulder beetle
 13763 | D:11     | Killed a boulder beetle
 14412 | D:12     | Found a staircase to the Orcish Mines.
 14672 | D:12     | Reached ***** piety under Sif Muna
 14823 | D:12     | Identified Sif Muna's Volume of the Frostbite and
                  | Companions (Sif Muna gifted it to you on level 12 of the
                  | Dungeon)
 14823 | D:12     | Received a gift from Sif Muna
 14891 | D:12     | Found Piefu's Magic Scroll Shop.
 14899 | D:12     | Bought a scroll of identify for 20 gold pieces
 14899 | D:12     | Bought a scroll of identify for 20 gold pieces
 14899 | D:12     | Bought a scroll of identify for 20 gold pieces
 14899 | D:12     | Bought a scroll of identify for 20 gold pieces
 14899 | D:12     | Bought a scroll of fear for 35 gold pieces
 14899 | D:12     | Bought a scroll of identify for 20 gold pieces
 14899 | D:12     | Bought a scroll of remove curse for 30 gold pieces
 14899 | D:12     | Bought a scroll of magic mapping for 35 gold pieces
 14899 | D:12     | Bought a scroll of amnesia for 35 gold pieces
 14899 | D:12     | Bought a scroll of brand weapon for 200 gold pieces
 15317 | D:12     | Noticed a manticore
 15337 | D:12     | Killed a manticore
 15337 | D:12     | Reached XP level 12. HP: 89/89 MP: 4/24
 15905 | D:13     | Noticed a two-headed ogre
 15928 | D:13     | Killed a two-headed ogre
 16097 | D:13     | Noticed an eight-headed hydra
 16109 | D:13     | Killed an eight-headed hydra
 16339 | D:13     | Noticed a death knight
 16434 | Lair:1   | Entered Level 1 of the Lair of Beasts
 16510 | Lair:1   | Found a shimmering altar of Xom.
 16727 | Lair:1   | Noticed a seven-headed hydra
 16736 | Lair:1   | Killed a seven-headed hydra
 17868 | Lair:2   | Reached XP level 13. HP: 98/98 MP: 23/26
 17980 | Lair:2   | Received a gift from Sif Muna
 18408 | Lair:2   | Noticed Maggie
 18422 | Lair:2   | Killed Maggie
 18877 | Lair:3   | Identified 2 scrolls of acquirement
 18878 | Lair:3   | Acquired the ring "Ypel" {Wiz rPois rC+ Slay+3}
 19773 | Lair:3   | Found a staircase to the Swamp.
 20077 | Lair:3   | Acquired the Papyrus of Black Rites and the Birds
 20576 | Lair:4   | Reached skill level 10 in Ice Magic
 20645 | Lair:4   | Found a hole to the Spider Nest.
 20974 | Lair:4   | Identified the +3 demon trident of Chaos {antimagic, Str+4}
 20975 | Lair:4   | Noticed Xyudeake's ghost (journeyman DEFE)
 20977 | Lair:4   | Found a transporter.
 21443 | Lair:4   | Identified the cursed +1 trident "Ettobusi" {protect,
                  | Int+6}
 21456 | Lair:4   | Found a bloodstained altar of Trog.
 21605 | Lair:4   | Found a transporter.
 21794 | Lair:4   | Reached skill level 10 in Spellcasting
 22181 | Lair:5   | Found a staircase to the Slime Pits.
 22203 | Lair:5   | Reached XP level 14. HP: 100/106 MP: 6/28
 22385 | Lair:5   | Reached skill level 10 in Dodging
 22948 | Lair:5   | Reached skill level 10 in Stealth
 23349 | Lair:6   | Entered Level 6 of the Lair of Beasts
 23357 | Lair:6   | Reached skill level 10 in Invocations
 23858 | Lair:6   | Identified the +5 dagger "Qiurian" {holy, rPois Int+6} (You
                  | found it on level 6 of the Lair of Beasts)
 25491 | Orc:1    | Entered Level 1 of the Orcish Mines
 25494 | Orc:1    | Reached XP level 15. HP: 115/115 MP: 16/29
 25530 | D:12     | Learned a level 2 spell: Ensorcelled Hibernation
 25535 | D:12     | Learned a level 4 spell: Summon Lightning Spire
 25541 | D:12     | Learned a level 5 spell: Summon Demon
 25548 | D:12     | Learned a level 6 spell: Simulacrum
 25709 | Orc:1    | Found a transporter.
 25711 | Orc:1    | Found a transporter.
 25894 | Orc:1    | Noticed an orc warlord
 25895 | Orc:1    | Identified the cursed -6 kite shield of Peek-a-Boo {rElec}
 25990 | Orc:1    | Found a roughly hewn altar of Beogh.
 26502 | Orc:2    | Entered Level 2 of the Orcish Mines
 26824 | Orc:2    | Identified Ethy's Catalogue of Moulding and Contamination
                  | (Sif Muna gifted it to you on level 2 of the Orcish Mines)
 26824 | Orc:2    | Received a gift from Sif Muna
 27215 | Orc:2    | Noticed Urug
 27223 | Orc:2    | Killed Urug
 27276 | Orc:2    | Found a roughly hewn altar of Beogh.
 27441 | Orc:2    | Found Wocwe's General Store.
 27441 | Orc:2    | Found Xofixy's Book Boutique.
 27456 | Orc:2    | Bought a scroll of identify for 28 gold pieces
 27456 | Orc:2    | Bought a scroll of identify for 28 gold pieces
 27456 | Orc:2    | Bought a scroll of identify for 28 gold pieces
 27611 | Orc:2    | Noticed Saint Roka
 27895 | Orc:2    | Killed Saint Roka
 28037 | Orc:2    | Found a staircase to the Elven Halls.
 28198 | Orc:2    | Found Winlounwou's Antique Armour Emporium.
 28236 | Orc:2    | Reached skill level 10 in Fighting
 28236 | Orc:2    | Reached skill level 10 in Short Blades
 28236 | Orc:2    | Reached skill level 10 in Long Blades
 28236 | Orc:2    | Reached skill level 10 in Axes
 28236 | Orc:2    | Reached skill level 10 in Maces & Flails
 28236 | Orc:2    | Reached skill level 10 in Polearms
 28236 | Orc:2    | Reached skill level 10 in Staves
 28236 | Orc:2    | Reached skill level 10 in Slings
 28236 | Orc:2    | Reached skill level 10 in Bows
 28236 | Orc:2    | Reached skill level 10 in Crossbows
 28236 | Orc:2    | Reached skill level 10 in Throwing
 28236 | Orc:2    | Reached skill level 10 in Armour
 28236 | Orc:2    | Reached skill level 10 in Shields
 28236 | Orc:2    | Reached skill level 10 in Unarmed Combat
 28236 | Orc:2    | Reached skill level 10 in Evocations
 28359 | Orc:2    | Found Toghukot's Distillery.
 28382 | Orc:2    | Bought a potion of degeneration for 16 gold pieces
 28723 | D:13     | Found Fubul's Book Emporium.
 28803 | D:13     | Noticed Nessos
 28810 | D:13     | Killed Nessos
 29619 | D:13     | Found a gate to the Vaults.
 30034 | Swamp:1  | Entered Level 1 of the Swamp
 30577 | Swamp:1  | Received a gift from Sif Muna
 31793 | Swamp:2  | Noticed a thorn hunter
 31813 | Swamp:2  | Killed a thorn hunter
 32155 | Swamp:2  | Noticed Donald
 32171 | Swamp:2  | Killed Donald
 32190 | Swamp:2  | Noticed Aizul
 32207 | Swamp:2  | Killed Aizul
 33204 | Swamp:3  | Reached XP level 16. HP: 117/123 MP: 19/31
 33467 | Swamp:3  | Found a bloodstained altar of Trog.
 34215 | Swamp:3  | Noticed a thorn hunter
 34243 | Swamp:3  | Killed a thorn hunter
 34250 | Swamp:3  | Identified Sif Muna's Volume of Attacks (Sif Muna gifted it
                  | to you on level 3 of the Swamp)
 34250 | Swamp:3  | Received a gift from Sif Muna
 34813 | Swamp:4  | Entered Level 4 of the Swamp
 36749 | Swamp:4  | Noticed a thorn hunter
 36761 | Swamp:4  | Killed a thorn hunter
 37385 | Swamp:4  | Got a decaying rune of Zot
 37727 | Spider:1 | Entered Level 1 of the Spider Nest
 38013 | Spider:1 | Found a runed translucent gate.
 38013 | Spider:1 | Found a runed translucent gate.
 38013 | Spider:1 | Found a runed translucent gate.
 38013 | Spider:1 | Noticed iishen's ghost (adept CeHu)
 38031 | Spider:1 | Got an ichor-stained flail
 38032 | Spider:1 | Identified the +4 flail of Ruination {flame, *Drain rPois
                  | rC+ MR++} (You found it on level 1 of the Spider Nest)
 38052 | Spider:1 | Received a gift from Sif Muna
 38296 | Spider:1 | Found a roughly hewn altar of Beogh.
 38960 | Spider:2 | Noticed Nikola
 38994 | Spider:2 | Killed Nikola
 39177 | Spider:1 | Learned a level 6 spell: Freezing Cloud
 40726 | Spider:2 | HP: 5/125 [poisoned by a ghost moth]
 40726 | Spider:2 | Mangled by a tarantella

Illustrated notes

Levels and vault maps discovered:
D:1:      dpeg_arrival_rooms_a, layout_basic
D:2:      layout_basic, chequers_ecumenical_altar_simple_redux
D:3:      layout_loops_ring, grunt_temple_overflow_open,
          grunt_temple_overflow_diamond
D:4:      layout_cave_pools, nicolae_overflow_crystal_walls
D:5:      layout_rooms
D:6:      layout_basic, nemelex_altar_shiori
D:7:      layout_basic, minmay_temple_entry_poolview, serial_shops, shop,
          skrybe_limestone_x, vehumet_altar_wand_db, uniq_crazy_yiuf_cottage
D:8:      kennysheep_ambush_hall, layout_basic, nicolae_overflow_hidden_temple
D:9:      layout_roguey, okawaru_humans, uniq_joseph, uniq_erolcha
D:10:     layout_irregular_city, minmay_lair_entry_grove, hex_large
D:11:     layout_grid_maze, serial_shops, shop, nicolae_dithmenos_shadow_blocks,
          uniq_nergalle
D:12:     layout_grid_maze, orc_david_3, serial_shops, shop
D:13:     layout_roguey, hangedman_vaults_entry_quadrant_bands, serial_shops,
          shop, uniq_nessos
D:14:     layout_gridville, basic_altar, uniq_josephine, uniq_roxanne
Temple:   jpeg_temple_alley_garden
Lair:1:   lemuel_slime, layout_long_grid, lemuel_altar_in_water2,
          lemuel_fruit_tree, grunt_megastairs_1
Lair:2:   layout_loops_ring, uniq_maggie
Lair:3:   layout_gridlike, palyth_hydra_swamp_entry
Lair:4:   layout_hall_layers, spider_nest_entry_webs,
          gammafunk_ghost_wrathful_warriors, kennysheep_basilisk_garden
Lair:5:   layout_long_grid, minmay_slime_entry_oklob_open, beast_lair_carwin_8
Lair:6:   evilmike_catoblepas_cave, layout_loops_ring,
          infiniplex_staircase_pool_2
Swamp:1:  layout_falls_marsh, evilmike_swamp_ruin_house_6, swamp_pool1
Swamp:2:  cheibrodos_swamp_heart_of_darkness, layout_basic_swamp,
          nicolae_swamp_stair_fork, swamp_pool2, uniq_donald, uniq_aizul
Swamp:3:  layout_basic_swamp, nicolae_swamp_godswood, infiniplex_staircase_pool
Swamp:4:  swamp_basic_johnstein, layout_basic_swamp
Spider:1: nicolae_spider_mines_2, ebering_ghost_rock_garden
Spider:2: cheibrodos_spider_silkery, drop_trap, nicolae_crawler_farm,
          uniq_nikola
Spider:3: layout_spider_delve
Orc:1:    gammafunk_beogh_shrine, layout_caves
Orc:2:    st_orc_town, layout_caves, guppyfry_orc_lava_fort, uniq_saint_roka,
          uniq_urug

Skill      XL: |  1  2  3  4  5  6  7  8  9 10 11 12 13 14 15 16 |
---------------+-------------------------------------------------+-----
Spellcasting   | 5 6 7 8 9 10 11 12 | 12.1
Fighting       | 1 2 3 4 5 6 7 8 9 10 11 | 11.2
Short Blades   | 1 2 3 4 5 6 7 8 9 10 11 | 11.2
Long Blades    | 1 2 3 4 5 6 7 8 9 10 11 | 11.2
Axes           | 1 2 3 4 5 6 7 8 9 10 11 | 11.2
Maces & Flails | 1 2 3 4 5 6 7 8 9 10 11 | 11.2
Polearms       | 1 2 3 4 5 6 7 8 9 10 11 | 11.2
Staves         | 1 2 3 4 5 6 7 8 9 10 11 | 11.2
Slings         | 1 2 3 4 5 6 7 8 9 10 11 | 11.2
Bows           | 1 2 3 4 5 6 7 8 9 10 11 | 11.2
Crossbows      | 1 2 3 4 5 6 7 8 9 10 11 | 11.2
Throwing       | 1 2 3 4 5 6 7 8 9 10 11 | 11.2
Armour         | 1 2 3 4 5 6 7 8 9 10 11 | 11.2
Shields        | 1 2 3 4 5 6 7 8 9 10 11 | 11.2
Unarmed Combat | 1 2 3 4 5 6 7 8 9 10 11 | 11.2
Invocations    | 1 2 3 4 5 6 7 8 9 10 11 12 | 12.1
Evocations     | 1 2 3 4 5 6 7 8 9 10 11 | 11.2
Conjurations   | 1 2 3 4 5 6 7 8 9 |  9.5
Hexes          | 1 2 3 4 5 6 7 8 9 |  9.5
Summonings     | 1 2 3 4 5 6 7 8 9 |  9.5
Necromancy     | 1 2 3 4 5 6 7 8 9 |  9.5
Translocations | 1 2 3 4 5 6 7 8 9 |  9.5
Transmutations | 1 2 3 4 5 6 7 8 9 |  9.5
Fire Magic     | 1 2 3 4 5 6 7 8 9 |  9.5
Air Magic      | 1 2 3 4 5 6 7 8 9 |  9.5
Earth Magic    | 1 2 3 4 5 6 7 8 9 |  9.5
Poison Magic   | 1 2 3 4 5 6 7 8 9 |  9.5
Dodging        | 5 6 7 8 9 10 11 12 | 12.0
Stealth        | 5 6 7 8 9 10 11 | 11.8
Ice Magic      | 8 9 10 11 | 11.6

Action                   |  1- 3 |  4- 6 |  7- 9 | 10-12 | 13-15 | 16-18 || total
-------------------------+-------+-------+-------+-------+-------+-------++-------
Melee: Short sword       |    53 |    66 |       |       |       |       ||   119
       Bite              |     5 |     9 |    12 |    17 |    34 |    17 ||    94
       Hand axe          |       |    12 |    99 |       |       |       ||   111
       Punch             |       |     1 |     3 |     5 |    16 |     9 ||    34
       Mace              |       |       |    23 |   156 |    71 |       ||   250
       Dagger            |       |       |       |       |   164 |    83 ||   247
       Flail             |       |       |       |       |       |    84 ||    84
 Cast: Freeze            |    12 |    16 |     3 |     2 |    10 |     7 ||    50
       Frozen Ramparts   |       |     9 |    45 |    94 |   117 |       ||   265
       Summon Ice Beast  |       |     2 |    14 |   125 |   321 |   176 ||   638
       Hailstorm         |       |     1 |       |     7 |    48 |       ||    56
       Summon Lightning  |       |       |       |       |    76 |    83 ||   159
       Summon Demon      |       |       |       |       |    38 |    73 ||   111
       Simulacrum        |       |       |       |       |     8 |     6 ||    14
       Ensorcelled Hiber |       |       |       |       |     5 |       ||     5
       Ozocubu's Armour  |       |       |       |       |     1 |     2 ||     3
       Freezing Cloud    |       |       |       |       |       |     4 ||     4
Invok: Channel Magic     |       |       |       |     1 |    24 |    18 ||    43
Evoke: Wand              |       |       |     1 |     2 |     1 |       ||     4
  Use: Potion            |       |     4 |     1 |     2 |     3 |     8 ||    18
       Scroll            |       |       |       |    17 |    10 |     7 ||    34
 Stab: Sleeping          |     5 |     4 |     5 |     2 |     2 |       ||    18
       Distracted        |       |     1 |     2 |     1 |     8 |    12 ||    24
       Invisible         |       |       |       |       |       |     4 ||     4
Armor: Robe              |     6 |     5 |    13 |    35 |       |       ||    59
       Troll leather arm |       |       |       |    22 |    85 |   111 ||   218
Dodge: Dodged            |    47 |    77 |   166 |   214 |   295 |   389 ||  1188
Block: Other             |       |       |       |    19 |    77 |    88 ||   184
       Reflection        |       |       |       |       |     5 |     1 ||     6

Table legend: (Time is in decaauts)
 A = Elapsed time spent in this place.
 B = Non-inter-level travel time spent in this place.
 C = Inter-level travel time spent in this place.
 D = Time resting spent in this place.
 E = Time spent auto-exploring this place.
 F = Levels seen in this place.
 G = Mean time per level.
                   A        B        C        D        E       F      G
               +--------+--------+--------+--------+--------+-----+--------+
         Total |  40999 |  39363 |   1636 |   5697 |  26030 |  30 | 1366.6 |
       Dungeon |  17860 |  17074 |    786 |   1689 |  12282 |  14 | 1275.7 |
        Temple |    231 |    177 |     54 |      0 |    177 |   1 |  231.0 |
          Lair |   9064 |   8667 |    397 |    818 |   6171 |   6 | 1510.7 |
         Swamp |   7888 |   7624 |    264 |   1661 |   4616 |   4 | 1972.0 |
   Spider Nest |   2986 |   2913 |     73 |   1392 |    847 |   3 |  995.3 |
  Orcish Mines |   2968 |   2907 |     61 |    137 |   1936 |   2 | 1484.0 |
               +--------+--------+--------+--------+--------+-----+--------+

Top non-repeatable levels by time:
 Swamp:4: 2495 daAuts
 Swamp:3: 2087 daAuts
    D:13: 2046 daAuts
  Lair:4: 1971 daAuts
   Orc:2: 1915 daAuts
  Lair:6: 1866 daAuts
    D:12: 1841 daAuts
 Swamp:2: 1819 daAuts
    D:11: 1734 daAuts
     D:9: 1715 daAuts
Spider:2: 1687 daAuts
     D:5: 1518 daAuts
 Swamp:1: 1486 daAuts
  Lair:3: 1370 daAuts
     D:4: 1357 daAuts
